 Dungeon Crawl Stone Soup version 0.28.0-53-g5a82cb258f (webtiles) character file.

Game seed: 13413226513933352814

19 Descartes the Grasshopper (level 2, -1/22 HPs)
             Began as a Formicid Warper on June 2, 2022.
             Slain by an adder (2 damage)
             ... on level 1 of the Dungeon.
             The game lasted 00:01:31 (1160 turns).

Descartes the Grasshopper (Formicid Warper)         Turns: 1160, Time: 00:01:32

Health: -1/22      AC:  3    Str: 15    XL:     2   Next: 95%
Magic:  5/5        EV: 11    Int: 12    God:
Gold:   53         SH:  0    Dex: 10    Spells: 5/5 levels left

rFire   . . .      SeeInvis +   a - +0 hand axe
rCold   . . .      Faith    .   (no shield)
rNeg    . . .      Spirit   .   b - +0 leather armour
rPois   .          Reflect  .   (helmet unavailable)
rElec   .          Harm     .   (no cloak)
rCorr   .          Rampage  .   (no gloves)
Will    .....                   (no boots)
Stlth   +.........              (no amulet)
HPRegen 0.07/turn               (no ring)
MPRegen 0.09/turn               (no ring)

@: lethally poisoned (-1 -> -11), invisible
A: permanent stasis, dig shafts and tunnels, antennae 3, four strong arms
a: Dig, Shaft Self


You were on level 1 of the Dungeon.
You visited 1 branch of the dungeon, and saw 2 of its levels.

You collected 53 gold pieces.

Inventory:

Hand Weapons
 a - a +0 hand axe (weapon)
Missiles
 c - 5 boomerangs of dispersal (quivered)
 d - 36 stones
Armour
 b - a +0 leather armour (worn)
Scrolls
 f - a scroll of identify {unknown}
 g - a scroll of vulnerability {unknown}
Potions
 e - a potion of haste {unknown}
 h - a potion of invisibility


   Skills:
 - Level 2.2 Fighting
 + Level 2.3 Axes
 - Level 1.0 Throwing
 + Level 1.6 Armour
 - Level 1.7 Dodging
 + Level 1.2 Shields
 - Level 2.2 Spellcasting
 + Level 2.9 Translocations


You had 5 spell levels left.
You didn't know any spells.
Your spell library contained the following spells:

 Spells                   Type           Power      Damage    Failure   Level
 Gell's Gravitas          Tloc           8%         N/A       28%         3
 Lesser Beckoning         Tloc           8%         N/A       28%         3
 Teleport Other           Tloc           8%         N/A       28%         3
 Ozocubu's Armour         Ice            1%         N/A       69%         3
 Manifold Assault         Tloc           8%         N/A       95%         5
 Ozocubu's Refrigeration  Ice            0%         4d5       100%        7
 Blink                    Tloc           Unusable   N/A       N/A         2

Dungeon Overview and Level Annotations

Branches:
Dungeon (2/15)

Altars:


Innate Abilities, Weirdness & Mutations

You cannot be hasted, slowed, berserked, paralysed or teleported.
You can dig through walls and to a lower floor.
You have a pair of large antennae on your head. (SInv)
Your four strong arms can wield two-handed weapons with a shield.


Message History

Found a short sword.
You see here a +0 short sword.
h - 2 red potions You see here a +0 short sword.
Done exploring.
Done exploring.
You see here a +0 dagger.
There is a stone staircase leading down here.
You climb downwards.
The adder hisses angrily.
The endoplasm quivers.
There is a stone staircase leading up here.
The endoplasm freezes you.
You are frozen.
A hobgoblin comes into view.
The adder bites you.
An adder comes into view.
There is a stone staircase leading up here.
The hobgoblin shouts!
The adder bites you.
You are poisoned.
The adder poisons you! The adder bites you.
You are lethally poisoned!
The adder poisons you!
You climb upwards.
You feel very sick.
There is a stone staircase leading down here.
You hit the adder but do no damage.
* * * LOW HITPOINT WARNING * * *
You feel sick. The adder bites you.
* * * LOW HITPOINT WARNING * * *
You are more poisoned.
The adder poisons you!
Unknown command.
It was a potion of invisibility.
You fade into invisibility!
* * * LOW HITPOINT WARNING * * *
You feel very sick. The adder bites you.
You die...

#...†)..............##.##.......#
#..........##..###...##.##.....##
#..........##.(# #....##.##....#
###....#...##..###....>........#
##...###.............#.#.####.##
#....##...##..###........# #.#.
#.#..##.#.##..###....#..#####...
##.......#.......S....##.........
#..............)@.....###........
#...##.##...........######.......
....##....###....................
....#...##.....##.....####.......
.................................
....#..###.##...#.##.#####.......
..)##......##...#..#.# ######(.
.......######...##.#.## ##.
...##.## #...##....# #.


You could see an adder.

Vanquished Creatures
  3 endoplasms (D:1)
  A hobgoblin (D:1)
  4 jackals (D:1)
  A kobold (D:1)
  4 ball pythons (D:1)
  2 bats (D:1)
  2 frilled lizards (D:1)
  2 goblins (D:1)
19 creatures vanquished.

Notes
Turn   | Place    | Note
-------+----------+-------------------------------------------
     0 | D:1      | Descartes the Formicid Warper began the quest for the Orb.
     0 | D:1      | Reached XP level 1. HP: 16/16 MP: 3/3
   220 | D:1      | Reached XP level 2. HP: 11/22 MP: 5/5
   497 | D:1      | Reached skill level 1 in Shields
   759 | D:1      | You fall into a shaft and drop 1 floor!
  1050 | D:1      | Found a faded altar of an unknown god.
  1160 | D:1      | HP: 1/22 [poisoned by an adder]
  1160 | D:1      | Slain by an adder

Illustrated notes

Levels and vault maps discovered:
D:1:      psy_arrival_spokes, layout_rooms,
          dreamdust_ecumenical_altar_angels_and_demons
D:2:      layout_rooms, serial_shops, nicolae_shop_hallway_stairs,
          minmay_pentomino_q2

Skill      XL: |  1  2 |
---------------+-------+-----
Shields        | 1 |  1.2
Fighting       | |  2.2
Axes           | |  2.3
Throwing       | |  1.0
Armour         | |  1.6
Dodging        | |  1.7
Spellcasting   | |  2.2
Translocations | |  2.9

Action                   || total
-------------------------++-------
Melee: Hand axe          ||    60
  Use: Potion            ||     1
Armor: Leather armour    ||    31
Dodge: Dodged            ||    63
